 Dungeon Crawl Stone Soup version 0.31.0-11-ge490571c62 (webtiles) character file.

Game seed: 16545256429946980059

58 ces the Shooter (level 3, -2/18 HPs)
             Began as a Spriggan Hunter on Feb 1, 2024.
             Slain by Grinder (4 damage)
             ... on level 3 of the Dungeon.
             The game lasted 00:02:31 (1924 turns).

ces the Shooter (Spriggan Hunter)                   Turns: 1924, Time: 00:02:31

Health: -2/18      AC:  2    Str:  7    XL:     3   Next: 75%
Magic:  4/4        EV: 18    Int: 10    God:
Gold:   171        SH:  0    Dex: 20    Spells: 2/2 levels left

rFire   x . .        a - +0 shortbow
rCold   + . .        (shield currently unavailable)
rNeg    . . .        c - +0 robe
rPois   .            (helmet restricted)
rElec   .            (no cloak)
rCorr   +            (gloves unavailable)
SInv    +            (boots unavailable)
Will    .....        (no amulet)
Stlth   ++           p - ring of resist corrosion
HPRegen 0.23/turn    m - ring of ice
MPRegen 0.09/turn

%: no passive effects
@: very quick
A: very small, no large weapons, unfitting armour, see invisible, speed 3
a: no special abilities


You were on level 3 of the Dungeon.
You visited 1 branch of the dungeon, and saw 3 of its levels.

You collected 171 gold pieces.

Inventory:

Hand Weapons
 a - a +0 shortbow (weapon)
Armour
 c - a +0 robe (worn)
Jewellery
 m - a ring of ice (right hand)
 p - a ring of resist corrosion (left hand)
Wands
 n - a wand of digging (3)
Scrolls
 b - a scroll of butterflies
 d - a scroll of identify {unknown}
 f - a scroll of noise {unknown}
 k - a scroll of enchant weapon {unknown}
 o - a scroll of vulnerability {unknown}
Potions
 g - a potion of degeneration {unknown}
 h - a potion of haste {unknown}
 i - a potion of mutation {unknown}
 j - 2 potions of might {unknown}
 l - a potion of resistance {unknown}
 q - a potion of attraction {unknown}


   Skills:
 - Level 1.5 Fighting
 + Level 5.4 Ranged Weapons
 - Level 2.6 Dodging
 - Level 1.5 Stealth


You had 2 spell levels left.
You didn't know any spells.
Your spell library was empty.

Dungeon Overview and Level Annotations

Branches:
Dungeon (3/15)

Altars:

Shops:
D:1 (   D:2 (   D:3 :*[

Annotations:
D:3 Grinder


Innate Abilities, Weirdness & Mutations

You are very small and have problems with some larger weapons.
You are too small for most types of armour.
You have supernaturally acute eyesight. (SInv)
You cover ground extremely quickly. (Speed+++)


Message History

Found a stone staircase leading up.
No target in view!
p - a ring of resist corrosion No target in view!
You now have 163 gold pieces (gained 12).
You now have 171 gold pieces (gained 8).
Found a stone staircase leading down.
No target in view!
No target in view!
A ball python comes into view.
You shoot an arrow. The arrow hits the ball python.
You kill the ball python!
No target in view!
No target in view!
p - a ring of resist corrosion (left hand)
You feel more attuned to ice.
m - a ring of ice (right hand)
Found an escape hatch in the ceiling.
Found a stone staircase leading down.
You see here a ball python corpse.
q - a smoky emerald potion Grinder and a goblin come into view.
Grinder shouts!
Grinder gestures at you. You resist with significant effort.
You shoot an arrow. The arrow closely misses Grinder.
Grinder says, "Mostly I couldn't keep them alive."
You shoot an arrow. The arrow hits Grinder.
Grinder is lightly wounded.
You shoot an arrow. The arrow hits Grinder!
Grinder is moderately wounded.
You shoot an arrow. The arrow hits Grinder.
Grinder is heavily wounded.
Grinder hits you!
You writhe in agony.
You are too injured to fight recklessly!
It was a potion of cancellation.
You feel magically purged. Grinder hits you!
* * * LOW HITPOINT WARNING * * *
You writhe in agony.
You die...
Grinder says, "Hey, I wasn't done torturing you yet!"

####.###........####.###.#
.....##............#.# #.#
#######.###.....##...# #.#
...............## #.#
.....#...#####..#####.#
.....#...##...........#
.... #......#..########
.....#. #.## # ......# #@#
# ..........>5...... #
............... #
............... #####.
............... ......
............... ......
............... ....≈≈
g.............. ##.#≈∩


You could see Grinder and a goblin (asleep).

Vanquished Creatures
  An adder (D:2)
  2 ribbon worms (D:2)
  2 endoplasms (D:2)
  A giant cockroach (D:1)
  2 goblins
  3 hobgoblins
  3 jackals (D:3)
  5 kobolds
  2 quokkas
  7 ball pythons
  6 bats
  7 rats
41 creatures vanquished.

Notes
Turn   | Place    | Note
-------+----------+-------------------------------------------
     0 | D:1      | ces the Spriggan Hunter began the quest for the Orb.
     0 | D:1      | Reached XP level 1. HP: 10/10 MP: 2/2
   109 | D:1      | Reached XP level 2. HP: 14/14 MP: 3/3
   113 | D:1      | Found Kafiozod's Weapon Shoppe.
   834 | D:2      | Reached skill level 5 in Ranged Weapons
   853 | D:2      | Reached XP level 3. HP: 18/18 MP: 4/4
  1421 | D:2      | Found Ynibont's Weapon Boutique.
  1580 | D:3      | Found Ycemi's Assorted Antiques.
  1604 | D:3      | Found Daireigi's Antique Armour Emporium.
  1703 | D:3      | Found Gesin's Book Shoppe.
  1838 | D:3      | Found the +5 woodcutter's axe
  1919 | D:3      | Noticed Grinder
  1924 | D:3      | Slain by Grinder

Illustrated notes

Levels and vault maps discovered:
D:1:      sevenhm_arrival_forest_fort_small_3, layout_loops_ring, serial_shops,
          nicolae_shop_tiny_statue_garden, hangedman_decor_opposing
D:2:      layout_basic, serial_shops, shop, chequers_mini_garden
D:3:      layout_basic, serial_shops, nicolae_shop_tiny_waterfront,
          nicolae_book_shop_shelving, shop, shop, uniq_grinder

Skill      XL: |  1  2 |
---------------+-------+-----
Ranged Weapons | 5 |  5.4
Fighting       | |  1.5
Dodging        | |  2.6
Stealth        | |  1.5

Action                     || total
---------------------------++-------
   Fire: Shortbow          ||   128
    Use: Potion            ||     1
 Armour: Robe              ||    13
  Dodge: Dodged            ||    42
